 Dungeon Sprint DCSS version 0.29-a0-925-g0a7a3d12f8 (webtiles) character file.

Game seed: 11717750259892471225

1403 Hipnos the Fencer (level 8, -1/88 HPs)
             Began as a Minotaur Berserker on July 28, 2022.
             Was a Priest of Trog.
             Slain by a boulder beetle (16 damage)
             ... in the Dungeon (Sprint II: "The Violet Keep of Menkaure").
             The game lasted 00:05:40 (1120 turns).

Hipnos the Fencer (Minotaur Berserker)              Turns: 1120, Time: 00:05:40

Health: -1/88      AC:  5    Str: 23    XL:     8   Next: 42%
Magic:  7/7        EV: 14    Int:  8    God:    Trog [***...]
Gold:   117        SH:  0    Dex: 13    Spells: 7/7 levels left

rFire   + . .      SeeInvis .   d - +4 great sword of the Incandescent {freeze, Dex+2}
rCold   . . .      Faith    .   (shield currently unavailable)
rNeg    + + .      Spirit   .   b - +0 animal skin
rPois   .          Reflect  .   (helmet restricted)
rElec   .          Harm     .   (no cloak)
rCorr   .          Rampage  .   i - +2 pair of gloves of Relativism {*Slow rF+ rN++ Int+4}
Will    ++...      NoTele   +   (no boots)
Stlth   +.........              (no amulet)
HPRegen 1.24/turn               (no ring)
MPRegen 0.10/turn               (no ring)

@: strong-willed, on berserk cooldown, regenerating, slowed, very slow
A: horns 2, retaliatory headbutt
a: Renounce Religion, Berserk, Trog's Hand


You were in the Dungeon.
You worshipped Trog.
Trog was most pleased with you.
You visited 1 branch You collected 729 gold pieces.
You spent 612 gold pieces at shops.

Inventory:

Hand Weapons
 a - a +0 falchion
 d - the +4 great sword of the Incandescent (weapon) {freeze, Dex+2}
   (You bought it in a shop in the Dungeon)

   It freezes those it strikes, dealing additional cold damage.
   It can also slow down cold-blooded creatures.
   Dex:       It affects your dexterity (+2).
Armour
 b - a +0 animal skin (worn)
 i - the +2 pair of gloves of Relativism (worn) {*Slow rF+ rN++ Int+4}
   (You bought it in a shop in the Dungeon)

   Int:       It affects your intelligence (+4).
   rF:        It protects you from fire.
   rN:        It greatly protects you from negative energy.
   *Slow:     It may slow you when you take damage.
Scrolls
 h - a scroll of blinking
Potions
 e - a potion of haste
 f - 2 potions of magic
 g - a potion of berserk rage


   Skills:
 + Level 13.9 Fighting
 + Level 15.2 Long Blades
 + Level 7.0 Armour
 + Level 6.9 Dodging


You had 7 spell levels left.
You didn't know any spells.
Your spell library was empty.

Dungeon Overview and Level Annotations

Branches:
Dungeon (1/1)

Altars:

Shops:
D ![:=(:([[[?!?=(

Annotations:
D exclusion: oklob plant


Innate Abilities, Weirdness & Mutations

You have a pair of horns on your head.
You reflexively headbutt those who attack you in melee.


Message History

Your Armour skill increases to level 7!
You have reached level 8!
You feel agile.
There is an open door here.
You feel a strong urge to attack something.
You are no longer berserk.
You are exhausted.
You feel yourself slow down.
There is a staircase leading out of the dungeon here.
Your skin crawls.
You feel strong-willed.
You can no longer call in reinforcements.
You hit the boulder beetle. You freeze the boulder beetle.
You headbutt the boulder beetle, but do no damage.
The boulder beetle is lightly wounded.
The boulder beetle bites you. The boulder beetle bites you!!
You slash the boulder beetle! You freeze the boulder beetle.
Your headbutt misses the boulder beetle.
The boulder beetle is lightly wounded.
The boulder beetle closely misses you.
You hit the boulder beetle but do no damage.
You headbutt the boulder beetle, but do no damage.
The boulder beetle is lightly wounded.
The boulder beetle bites you!!
* * * LOW HITPOINT WARNING * * *
Okay, then.
Okay, then.
You feel better. The boulder beetle bites you.
* * * LOW HITPOINT WARNING * * *
The boulder beetle misses you. You furiously retaliate!
You headbutt the boulder beetle, but do no damage.
You hit the boulder beetle. You freeze the boulder beetle.
The boulder beetle is moderately wounded.
The boulder beetle bites you!
* * * LOW HITPOINT WARNING * * *
You hit the boulder beetle. You freeze the boulder beetle.
You headbutt the boulder beetle!
The boulder beetle is moderately wounded.
The boulder beetle bites you!
You die...

##########≈≈#+++#
#########≈≈≈....
∩.......#≈≈≈≈.##+##
.∩.....∩#≈≈≈≈##.#.##
∩.∩...∩.#≈≈≈≈#..#..#
.∩.∩.∩.∩#≈≈####...####
..∩.∩.∩.#≈##.###'###.##
.....∩..#≈#...##.##...#
....⌠...'≈'##.'.@.')#.+
........#≈#.####B##...#
▓▓▓▓▓▓###≈##.# #'###.##
?YE######≈≈### .#$ ###
!$Y#$ ##≈≈≈#.. .. ∩P?+(
#†#≈##. .## ?$. #[#≈≈##
## ). ####≈≈≈ +++#


You could see a boulder beetle.

Vanquished Creatures
  A boulder beetle (D)
  A merfolk siren (D)
  A vampire mosquito (D)
  A water moccasin (D)
  4 necrophages (D)
  3 worms (D)
11 creatures vanquished.

Vanquished Creatures (others)
  Menkaure (D)
  A water moccasin (D)
2 creatures vanquished.

Grand Total: 13 creatures vanquished

Notes
Turn   | Place    | Note
-------+----------+-------------------------------------------
     0 | D        | Hipnos the Minotaur Berserker began the quest for the Orb.
     0 | D        | Reached XP level 1. HP: 19/19 MP: 0/0
    10 | D        | Reached skill level 4 in Long Blades
    36 | D        | Killed Menkaure
   272 | D        | Found Sululuet's Magic Scroll Shop.
   272 | D        | Found Zacw's Magic Scroll Shop.
   272 | D        | Found Nathrunyt's Antique Armour Boutique.
   272 | D        | Found Tuggix's Antique Weapon Shop.
   272 | D        | Found Bopesoad's Antique Armour Boutique.
   272 | D        | Found Hugisiut's Antique Armour Shop.
   272 | D        | Found Biupin's Distillery.
   272 | D        | Found Tozer's Jewellery Boutique.
   278 | D        | Reached ** piety under Trog
   279 | D        | Reached XP level 2. HP: 9/28 MP: 1/1
   397 | D        | Killed a water moccasin
   593 | D        | Noticed a merfolk siren
   607 | D        | Killed a merfolk siren
   608 | D        | Reached skill level 10 in Fighting
   608 | D        | Reached skill level 11 in Long Blades
   608 | D        | Reached skill level 5 in Armour
   608 | D        | Reached skill level 5 in Dodging
   608 | D        | Reached XP level 3. HP: 46/46 MP: 2/2
   608 | D        | Reached XP level 4. HP: 52/52 MP: 3/3
   608 | D        | Reached XP level 5. HP: 59/59 MP: 4/4
   608 | D        | Reached XP level 6. HP: 67/67 MP: 5/5
   627 | D        | Noticed a boulder beetle
   627 | D        | Noticed a boulder beetle
   640 | D        | Reached *** piety under Trog
   648 | D        | Reached skill level 12 in Long Blades
   654 | D        | Reached XP level 7. HP: 44/75 MP: 6/6
   797 | D        | Found Vafyumuo's Antique Weapon Shop.
   797 | D        | Found Dymicw's Book Boutique.
   798 | D        | Noticed an iron elemental
   810 | D        | Reached skill level 13 in Long Blades
   814 | D        | Found Qaugock's Weapon Boutique.
   814 | D        | Found Paapatz's Jewellery Shop.
   814 | D        | Noticed an oklob plant
   815 | D        | Found Cuxefezu's Antique Armour Shop.
   815 | D        | Found Sahya's Book Shoppe.
   815 | D        | Found Izotifut's Distillery.
   860 | D        | Noticed a yak
   861 | D        | Noticed a yak
   866 | D        | Noticed a yak
   867 | D        | Bought a scorched great sword for 299 gold pieces
   867 | D        | Identified the +4 great sword of the Incandescent {freeze,
                  | Dex+2} (You bought it in a shop in the Dungeon)
   877 | D        | Bought a pair of fine gloves for 313 gold pieces
   877 | D        | Identified the +2 pair of gloves of Relativism {*Slow rF+
                  | rN++ Int+4} (You bought it in a shop in the Dungeon)
   910 | D        | Noticed a vampire mosquito
   916 | D        | Killed a vampire mosquito
   916 | D        | Reached **** piety under Trog
  1110 | D        | Killed a boulder beetle
  1111 | D        | Reached skill level 15 in Long Blades
  1111 | D        | Reached XP level 8. HP: 87/88 MP: 7/7
  1120 | D        | Slain by a boulder beetle

Illustrated notes

Levels and vault maps discovered:
D:        the_violet_keep_of_menkaure [sprint2_stairs_cluster_1,
          sprint2_shoproom, sprint2_temple, sprint2_basic_supplies,
          sprint2_obstacle_7, sprint2_obstacle_6, sprint2_obstacle_5,
          sprint2_obstacle_2, sprint2_obstacle_4, sprint2_timed_cluster_1,
          sprint2_smallroom_cluster_1, sprint2_smallroom_final_cluster_1,
          sprint2_transparent_cluster_1, sprint2_second_timed_cluster_1,
          sprint2_sniper_area_1, sprint2_heavy_combat_area_1,
          sprint2_mutation_trap_area_1, sprint2_forest_area_1,
          sprint2_light_combat_area_1, sprint2_behind_water_1,
          sprint2_near_end_vault_1]

Skill      XL: |  1  2  3  4  5  6  7 |
---------------+----------------------+-----
Fighting       | 4 10 11 13 | 13.9
Long Blades    | 4 11 12 15 | 15.2
Armour         | 5 6 7 |  7.0
Dodging        | 5 6 |  6.9

Action                   |  1- 3 |  4- 6 |  7- 9 || total
-------------------------+-------+-------+-------++-------
Melee: Falchion          |    27 |    20 |    10 ||    57
       Headbutt          |     5 |     3 |     5 ||    13
       Punch             |       |     3 |       ||     3
       Great sword       |       |       |    15 ||    15
Invok: Trog's Hand       |     1 |       |     1 ||     2
       Berserk           |       |       |     3 ||     3
  Use: Potion            |     1 |       |     1 ||     2
Armor: Animal skin       |     1 |       |     4 ||     5
Dodge: Dodged            |     7 |     5 |     8 ||    20

Table legend: (Time is in decaauts)
 A = Elapsed time spent in this place.
 B = Non-inter-level travel time spent in this place.
 C = Inter-level travel time spent in this place.
 D = Time resting spent in this place.
 E = Time spent auto-exploring this place.
 F = Levels seen in this place.
 G = Mean time per level.
                   A        B        C        D        E       F      G
               +--------+--------+--------+--------+--------+-----+--------+
         Total |   1144 |   1144 |      0 |    900 |      0 |   1 | 1144.0 |
       Dungeon |   1144 |   1144 |      0 |    900 |      0 |   1 | 1144.0 |
               +--------+--------+--------+--------+--------+-----+--------+

Top non-repeatable levels by time:
       D: 1144 daAuts
